 Dungeon Crawl Stone Soup version 0.32-a0-450-g080537f31e (webtiles) character file.

Game seed: 11481567007518827828

221 retardedninja the Shield-Bearer (level 5, -1/47 HPs)
             Began as a Mountain Dwarf Fighter on Feb 23, 2024.
             Killed by divine providence
             ... invoked by an orc priest
              (9 damage)
             ... on level 3 of the Dungeon.
             The game lasted 00:02:44 (1894 turns).

retardedninja the Shield-Bearer (MDFi)              Turns: 1894, Time: 00:02:44

Health: -1/47      AC:  9    Str: 21    XL:     5   Next: 65%
Magic:  5/5        EV:  8    Int:  8    God:
Gold:   134        SH:  4    Dex:  9    Spells: 4/4 levels left

rFire   . . .        a - +0 war axe
rCold   . . .        c - +0 buckler
rNeg    . . .        j - +0 chain mail
rPois   +            (no helmet)
rElec   .            (no cloak)
rCorr   .            (no gloves)
SInv    .            (no boots)
Will    .....        (no amulet) Stlth
                     e - ring of poison resistance
HPRegen 0.27/turn    (no ring)
MPRegen 0.09/turn

%: no passive effects
@: no status effects
A: runic magic, artefact enchanting
a: Convert to Beogh


You were on level 3 of the Dungeon.
You visited 1 branch of the dungeon, and saw 3 of its levels.

You collected 134 gold pieces.

Inventory:

Hand Weapons
 a - a +0 war axe (weapon)
Armour
 c - a +0 buckler (worn)
 j - a +0 chain mail (worn)
Jewellery
 e - a ring of poison resistance (left hand)
Wands
 d - a wand of charming (2)
Scrolls
 b - a scroll of revelation {unknown}
 f - a scroll of torment {unknown}
 k - a scroll of teleportation {unknown}
 l - a scroll of poison {unknown}
 m - a scroll of identify {unknown}
 o - a scroll of amnesia {unknown}
Potions
 g - a potion of brilliance {unknown}
 i - a potion of heal wounds {unknown}
 n - a potion of cancellation {unknown}


   Skills:
 + Level 4.5 Fighting
 + Level 4.1 Axes
 + Level 4.5 Armour
 + Level 4.5 Shields


You had 4 spell levels left.
You didn't know any spells.
Your spell library contained the following spells:

 Spells                   Type           Power      Damage    Failure   Level
 Summon Small Mammal      Summ           0%         N/A       65%         1
 Ensorcelled Hibernation  Hex/Ice        0%         N/A       78%         2
 Dimensional Bullseye     Hex/Tloc       0%         N/A       100%        4
 Summon Blazeheart Golem  Fire/Summ      0%         N/A       100%        4
 Orb of Destruction       Conj           0%         9d5       100%        7
 Spellforged Servitor     Conj/Summ      0%         N/A       100%        7


Dungeon Overview and Level Annotations

Branches:
Dungeon (3/15)

Altars:


Innate Abilities, Weirdness & Mutations

Your spellcasting is much less encumbered by armour.
You can use scrolls of enchantment on lesser artefacts.


Message History

The magic dart hits you.
* * * LOW HITPOINT WARNING * * *
You closely miss something.
You hear some strange, mumbled words.
A magic dart appears from out of thin air!
The magic dart hits you.
* * * LOW HITPOINT WARNING * * *
Something hits you but does no damage.
It was a potion of attraction.
You feel attractive to monsters. Something hits you but does no damage.
You hit something.
You hear some strange, mumbled words.
Something tries to affect you, but you resist.
You closely miss something.
You hear some strange, mumbled words.
A puff of flame appears from out of thin air!
The puff of flame misses you.
You closely miss something.
Something hits you but does no damage. x2
You hit something but do no damage. Something hits you.
* * * LOW HITPOINT WARNING * * *
You hit something.
Reactivating autopickup.
You feel a bit more experienced.
Okay, then.
You start resting.
A hobgoblin comes into view.
Your orc priest calls down the wrath of Beogh upon the hobgoblin.
The hobgoblin is smitten.
The hobgoblin dies!
You start resting.
You feel less attractive to monsters.
You start resting.
The orc priest is no longer charmed.
The orc priest hits you but does no damage.
An orc priest is nearby!
You hit the orc priest but do no damage.
You block the orc priest's attack.
The orc priest invokes the aid of Beogh against you.
Beogh smites you!
You die...

........<
....... ......†
..... #...#
#... #.o# #.@#
# #..#####.#
##...#.....
#......#
##...#.#
#..##.##.#
#.####........#
#..........####
#######.####


You could see an orc priest.

Vanquished Creatures
  Terence (D:2)
  An iguana (D:2)
  Ijyb (D:3)
  An orc wizard (D:3)
  5 adders (D:2)
  A dart slug (D:2)
  2 ribbon worms (D:2)
  2 orcs (D:3)
  9 endoplasms
  A giant cockroach (D:1)
  4 goblins
  6 hobgoblins
  7 jackals
  7 kobolds
  2 quokkas (D:2)
  6 ball pythons
  5 bats
  3 frilled lizards
  3 rats
67 creatures vanquished.

Vanquished Creatures (collateral kills)
  A hobgoblin (D:3)
1 creature vanquished.

Grand Total: 68 creatures vanquished

Notes
Turn   | Place    | Note
-------+----------+-------------------------------------------
     0 | D:1      | retardedninja the Mountain Dwarf Fighter began the quest
                  | for the Orb.
     0 | D:1      | Reached XP level 1. HP: 19/19 MP: 1/1
   162 | D:1      | Reached XP level 2. HP: 26/26 MP: 2/2
   640 | D:1      | Got Wilih's Octavo of Cooperative Fascination
   691 | D:1      | Reached XP level 3. HP: 27/33 MP: 3/3
  1144 | D:2      | Reached XP level 4. HP: 40/40 MP: 4/4
  1460 | D:2      | Reached XP level 5. HP: 46/46 MP: 5/5
  1695 | D:2      | Noticed Terence
  1700 | D:2      | Killed Terence
  1786 | D:3      | Noticed Ijyb
  1790 | D:3      | Killed Ijyb
  1802 | D:3      | Found a faded altar of an unknown god.
  1876 | D:3      | HP: 2/47 [something (2)]
  1894 | D:3      | Killed from afar by an orc priest

Illustrated notes

Levels and vault maps discovered:
D:1:      amcnicky_arrival_gap_in_the_tavern_cellar, layout_basic,
          chequers_big_river
D:2:      layout_loops_ring, wad_floor_pattern_untrapped, uniq_terence
D:3:      layout_loops_corners, hellmonk_ecumenical_altar_pennies_from_heaven,
          uniq_ijyb

Skill      XL: |  1  2  3  4  5 |
---------------+----------------+-----
Axes           | 3 4 |  4.1
Shields        | 4 |  4.5
Fighting       | 4 |  4.5
Armour         | 4 |  4.5

Action                     |  1- 3 |  4- 6 || total
---------------------------+-------+-------++-------
  Melee: War axe           |   104 |    91 ||   195
  Evoke: Wand              |       |     4 ||     4
    Use: Potion            |       |     2 ||     2
 Armour: Scale mail        |    43 |       ||    43
         Chain mail        |    16 |    71 ||    87
  Dodge: Dodged            |    39 |    38 ||    77
  Block: Buckler           |    31 |    13 ||    44

Table legend: (Time is in decaauts)
 A = Elapsed time spent in this place.
 B = Non-inter-level travel time spent in this place.
 C = Inter-level travel time spent in this place.
 D = Time resting spent in this place.
 E = Time spent auto-exploring this place.
 F = Levels seen in this place.
 G = Mean time per level.
                   A        B        C        D        E       F      G
               +--------+--------+--------+--------+--------+-----+--------+
         Total |   1972 |   1917 |     55 |     15 |   1418 |   3 |  657.3 |
       Dungeon |   1972 |   1917 |     55 |     15 |   1418 |   3 |  657.3 |
               +--------+--------+--------+--------+--------+-----+--------+

Top non-repeatable levels by time:
     D:1: 1098 daAuts
     D:2: 749 daAuts
     D:3: 123 daAuts
